Unix xNetHack Version 8.0.0 - last build Jun 13 2023 01:05:28 (4b7ecc64c373f7294607d497be3f7ce1783331ac). Game began 2023-06-16 10:45:30, ended 2023-06-26 09:59:58. breadmaster, lawful female human Samurai --- -- ---- |..---- .- --|..-- -...|..- . --.|..`| .......----- ... | |...)"- .......... .. -..| --.)...| ......... .`--..- ---<%...-- ...... ....... |...^%.-- -.....- ........ ----- |.-%...| |.....| -....- .... ---...--- |...).-- --....| -.....| -.... |...|...| --.|.--- ---.....---......-- .... -----.--|...| |..|-- --.......ZG.G......| ...-|.....| |...--|.-- -..........@....>| | ..|.----- ---..-|.| --.......--...--- |%.| --..|.| |......-| -.-- |.-| --.|.-- |.......| --------------..| |....| --------..-..-------.............| ---..| -...............^.....*..------------- |..| -- ----------------------- ---- Breadmaster the Ronin St:16 Dx:13 Co:17 In:8 Wi:8 Ch:8 Lawful S:1602 Dlvl:7 $:60 HP:0(48) Pw:19(19) AC:3 Xp:5/308 T:1838 Burdened Latest messages: There are several objects here. You climb up the stairs. What do you want to use or apply? [kluyEGIK or ?*] k You produce a strange whistling sound. You rend the rothe! You kill the rothe! There is a rothe corpse here; eat it? [ynq] (n) y This rothe corpse tastes gamey. You finish eating the rothe corpse. There are 2 eggs here; eat one? [ynq] (n) y This egg is delicious! There is an egg here; eat it? [ynq] (n) y This egg is delicious! You fall down the stairs. You hear a chugging sound. You miss the gnome. Your splint mail blocks the gnome's attack. You kill the gnome! A trap door in the ceiling opens and a rock falls on your head! Fortunately, you are wearing a hard helmet. KAABLAMM!!! You triggered a land mine! You fall into a pit! You are still in a pit. You are still in a pit. You crawl to the edge of the pit. You hear crashing rock. You kill the gnome! The gnome punches you! You miss the gnome. The gnome punches you! You kill the gnome! The gnome punches you! You kill the gnome! The gnome zaps an ebony wand! The gnome is killed by the magic missile! The magic missile hits you! The magic missile bounces! The magic missile hits you! You kill the gnome! The elf zombie scratches you! You see here a wand of magic missile. You have a little trouble lifting N - a wand of magic missile {7}. You rend the elf zombie! What do you want to zap? [luGN or ?*] ? In what direction? 4 The elf zombie vanishes and reappears close by. The gnome punches you! The gnome punches you! You die... Do you want your possessions identified? [ynq] (y) q Inventory: Inventory: 945/675 weight (39/52 slots) Coins $ - 60 gold pieces {1} Amulets j - a cursed copper amulet of strangulation {24} h - a cursed silver amulet of strangulation {25} C - an uncursed gold amulet versus poison {34} M - an uncursed silver amulet versus poison {25} Weapons d - 34 +0 ya (in quiver) {34} c - a +0 yumi (alternate weapon; not wielded) {30} z - a +0 wooden elven dagger {3} f - 2 +0 orcish daggers {20} a - a +0 katana (weapon in hand) {40} b - a +0 wakizashi {30} Armor g - an uncursed greased +0 orcish helm (being worn) {23} B - a cursed -3 orcish helm {30} e - an uncursed rustproof +0 splint mail (being worn) {300} Comestibles D - a cursed banana {2} A - an uncursed cram ration {15} i - 3 uncursed lichen corpses {60} Scrolls F - a blessed scroll of identify {5} Potions m - an uncursed potion of blindness {20} p - an uncursed potion of fruit juice {20} r - an uncursed potion of healing {20} q - an uncursed potion of polymorph {20} n - an uncursed potion of restore ability {20} o - an uncursed potion of water {20} Rings s - an uncursed +1 ring of gain constitution {3} t - a blessed +5 ring of increase damage {3} Wands u - a wand of locking (0:4) {7} N - a wand of magic missile (0:6) {7} l - a wand of slow monster (0:3) {7} G - a wand of teleportation (0:6) {7} Tools E - an empty uncursed plastic oilskin sack {30} y - a bag of tricks (0:20) {15} I - a can of grease (0:24) {15} K - a cursed magic lamp {20} k - an uncursed mithril magic whistle {2} Gems/Stones L - 2 uncursed black opals {2} v - an uncursed worthless piece of blue glass {1} w - 2 uncursed worthless pieces of green glass {2} x - an uncursed worthless piece of orange glass {1} H - 2 uncursed worthless pieces of yellowish brown glass {2} Breadmaster the Samurai's attributes: Background: You were a Ronin, a level 5 female human Samurai. You were lawful, on a mission for Amaterasu Omikami who was opposed by Raijin (neutral) and Susanowo (chaotic). You were heterosexual. You were in the Gnomish Mines, on level 7. You entered the dungeon 1838 turns ago. You had 308 experience points, 12 more were needed to attain level 6. Your score was 1602 before end-of-game adjustments. Basics: You had 0 out of 48 hit points. You had all 19 energy points (spell power). Your armor class was 3. Your wallet contained 60 zorkmids. Autopickup was off. Final Characteristics: Your strength was 16 (limit:18/100). Your dexterity was 13 (base:14, limit:18). Your constitution was 17 (limit:18). Your intelligence was 8 (limit:18). Your wisdom was 8 (limit:18). Your charisma was 8 (limit:18). Final Status: You had wounded legs. You were not hungry. You were burdened; movement was slightly slowed. You were wielding a long sword. You had basic skill with long sword. Final Attributes: You were devoutly aligned. You were telepathic. You were warded. You were fast. You are dead. Miscellaneous: You never encountered a bones level. Total elapsed playing time was 2 hours, 5 minutes and 36 seconds. Major events: Turn 1: breadmaster the lawful female human Samurai entered the dungeon 756: attained the rank of Ronin (level 3) 1336: entered the Gnomish Mines 1838: killed by a gnome Vanquished creatures: a shrieker 4 gnome leaders a little dog 2 floating eyes 2 dwarves a kobold leader a rothe 2 hobbits a giant rat 25 gnomes a gecko 2 jackals a kobold 3 goblins 4 grid bugs 6 lichens 4 newts 61 creatures vanquished. No species were genocided or became extinct. Voluntary challenges: You read items or engraved 6 times. You never genocided any monsters. You never polymorphed an object. You never changed form. You never touched an artifact. You used no wishes. You never scared an enemy with impunity. You were celibate. You never generated conflict. Achievements: You entered a shop. You attained the rank of Ronin. You entered the Gnomish Mines. Dungeon overview: The Dungeons of Doom: levels 1 to 5 Level 1: An altar to Amaterasu Omikami, a fountain. Level 2: A potion shop. Level 3: A tool shop, a grave. Level 4: Stairs down to The Gnomish Mines. Level 5: The Gnomish Mines: levels 5 to 7 Level 5: Level 6: Level 7: <- You were here. Final resting place for you, killed by a gnome. Game over: __________ / \ / REST \ / IN \ / PEACE \ / \ | breadmaster | | 60 Au | | killed by a | | gnome | | | | | | 2023 | *| * * * | * _________)/\\_//(\/(/\)/\//\/|_)_______ Sayonara breadmaster the Samurai... You died in The Gnomish Mines on dungeon level 7 with 1596 points, and 60 pieces of gold, after 1838 moves. You were level 5 with a maximum of 48 hit points when you died.